Map: Cyber Forest LE

Players

Ragnarokette - Winner!

  • Race: Zerg Zerg
  • League: Diamond
  • Spawn Location: 11:00

AlonLevy

  • Race: Terran Terran
  • League: Diamond
  • Spawn Location: 5:00

VOD

Have the link to the VOD?

Description

Time

  • Played on: April 26, 2019, 4:10 p.m.
  • Length: 4:06
Show
View Real Time Build Order
Export as new Build Order

Ragnarokette Zerg - Winner!

Build Orders: Pool Only 

Get SALT Encoding   

  12  0:18  Spawning Pool  
  11  0:23  Drone  
  11  0:27  Drone  
  13  0:32  Drone  
  14  0:36  Extractor  
  14  0:38  Drone  
  14  0:43  Extractor  
  14  0:46  Drone  
  14  1:08  Roach Warren  
  14  1:11  Drone  
  14  1:29  Overlord  
  14  1:49  Roach x2  
  18  1:54  Roach  
  20  2:13  Ravager  
  20  2:14  Ravager  
  22  2:17  Spore Crawler  
  22  2:18  Ravager  
  23  2:24  Overlord  
  23  2:53  Roach x3  
  29  3:20  Ravager  
  29  3:21  Overlord  
Show
View Real Time Build Order
Export as new Build Order

AlonLevy Terran 

Build Orders: Gas First Reaper Expand 

Get SALT Encoding   

  12  0:01  SCV  
  13  0:13  SCV  
  14  0:18  Supply Depot  
  14  0:25  SCV  
  15  0:29  Refinery  
  15  0:39  SCV  
  16  0:45  Barracks  
  16  0:52  SCV  
  17  1:04  SCV  
  18  1:16  SCV  
  19  1:32  Orbital Command  
  19  1:38  Reaper  
  20  1:44  Command Center  
  20  1:57  SCV  
  21  2:03  Factory  
  21  2:09  SCV, Supply Depot  
  21  2:11  Barracks Reactor  
  22  2:18  Refinery  
  22  2:21  SCV  
  23  2:34  SCV  
  23  2:36  Bunker  
  23  2:43  Barracks  
  23  2:50  Barracks  
  23  2:51  Marine x2  
  23  2:55  Factory Tech Lab  
  23  3:09  Marine x2  
  24  3:18  Siege Tank  
  26  3:27  Marine  
  22  3:37  Marine  
Tags
 
Add a new tag
Caveats
  • Supply blocks, unpowered buildings, or Contaminate may cause inaccurate times.
  • Supply counts are checked every 10 seconds.